 Dungeon Crawl Stone Soup version 0.20.1-1-g8b1a95d (webtiles) character file.

77 MadKiwi the Skirmisher (level 4, 0/40 HPs)
             Began as a Hill Orc Fighter on Oct 27, 2017.
             Was an Initiate of Gozag.
             Slain by a flying skull (1 damage)
             ... created by the anger of Yredelemnul
             ... on level 3 of the Dungeon.
             The game lasted 00:20:24 (1558 turns).

MadKiwi the Skirmisher (Hill Orc Fighter)           Turns: 1558, Time: 00:20:24

Health: 0/40       AC: 10    Str: 27    XL:     4   Next: 33%
Magic:  4/4        EV: 10    Int:  8    God:    Gozag
Gold:   149        SH: 10    Dex: 10    Spells: 3/3 levels left

rFire    . . .     SeeInvis .   a - +1 war axe
rCold    . . .     Gourm    .   c - +0 shield
rNeg     . . .     Faith    .   b - +1 scale mail
rPois    .         Spirit   .   G - +1 helmet
rElec    .         Reflect  .   (no cloak)
rCorr    .         Harm     .   (no gloves)
MR       .....                  (no boots)
Stlth    ..........             (no amulet)
Regen    0.2/turn               l - +3 ring of evasion
MPRegen  0.1/turn               v - +3 ring of strength

@: mighty, hasted, very quick
A: no striking features
a: Potion Petition, Call Merchant, Bribe Branch, Renounce Religion


You were on level 3 of the Dungeon.
You worshipped Gozag.
Gozag was aware of your devotion.
You were not hungry.

You visited 1 branch of the dungeon, and saw 3 of its levels.

You collected 174 gold pieces.
You paid 25 gold pieces to Gozag.

Inventory:

Hand Weapons
 a - a +1 war axe (weapon)
 e - a +0 dagger
 g - a +0 war axe
 k - a +0 whip
 m - a cursed +0 club
 q - a cursed -1 spear
 t - a +0 club
 w - a +0 whip
 y - a +0 hunting sling
 z - a +0 mace
 D - a +0 dagger
Missiles
 j - 100 stones (quivered)
 u - 21 bolts
 x - 21 arrows
 H - a throwing net
Armour
 b - a +1 scale mail (worn)
 c - a +0 shield (worn)
 o - a +0 leather armour
 r - a +0 leather armour
 A - a +0 leather armour
 F - a +0 robe
 G - a +1 helmet (worn)
Jewellery
 i - an uncursed ring of see invisible
 l - a +3 ring of evasion (left hand)
 p - an uncursed ring of stealth
 v - a +3 ring of strength (right hand)
Scrolls
 B - a scroll of remove curse
Potions
 d - 2 potions of might
 s - a potion of degeneration
Comestibles
 f - 2 bread rations
 h - 2 royal jellies
 n - a meat ration


   Skills:
 + Level 4.2 Fighting
 + Level 4.1 Axes
 + Level 3.7 Armour
 + Level 0.2 Dodging
 + Level 0.1 Stealth
 + Level 3.8 Shields


You had 3 spell levels left.
You didn't know any spells.

Dungeon Overview and Level Annotations

Branches:
Dungeon (3/15)

Altars:
Gozag
Yredelemnul


Message History

You feel very mighty all of a sudden. You block the flying skull's attack.
The flying skull barely misses you.
As you read the scroll labeled HEOLASCH LUXAN, it crumbles to dust.
You hear a loud clanging noise!
It was a scroll of noise.
You hear a shout!
The flying skull hits you.
* * * LOW HITPOINT WARNING * * *
The flying skull hits you.
* * * LOW HITPOINT WARNING * * *
Okay, then.
You don't know any spells.
You miss the flying skull. You barely miss the flying skull.
You block the flying skull's attack.
The flying skull hits you but does no damage.
You miss the flying skull.
Your scale mail prevents you from hitting the flying skull.
The flying skull hits you.
You die...
Your body crumbles into a pile of gold.

$ #. .....
#.#....
########
#.....
+..z@z.# ....
######.# ...
#.#
######.#######
#.#
....##........
#.# .......#
#.# ....##.#
#.# ....##.#
#.# ######.#
#.#


You could see 2 flying skulls.

Vanquished Creatures
  A jelly (D:3)
  2 oozes (D:1)
  3 worms (D:2)
  2 leopard geckos
  An orc (D:3)
  5 bats
  2 giant cockroaches (D:2)
  4 hobgoblins
  A quokka (D:2)
  A frilled lizard (D:2)
  3 goblins
  3 kobolds
  A rat (D:2)
29 creatures vanquished.

Notes
Turn   | Place    | Note
-------+----------+-------------------------------------------
     0 | D:1      | MadKiwi the Hill Orc Fighter began the quest for the Orb.
     0 | D:1      | Reached XP level 1. HP: 19/19 MP: 1/1
   149 | D:1      | Reached XP level 2. HP: 27/27 MP: 2/2
   593 | D:2      | Found a basalt altar of Yredelemnul.
   601 | D:2      | Reached XP level 3. HP: 30/33 MP: 3/3
   647 | D:2      | Became a worshipper of Yredelemnul the Dark
   958 | D:2      | Found an opulent altar of Gozag.
   986 | D:2      | Fell from the grace of Yredelemnul
   986 | D:2      | Became a worshipper of Gozag Ym Sagoz the Greedy
  1383 | D:3      | Reached XP level 4. HP: 35/40 MP: 4/4
  1545 | D:3      | Noticed a flying skull
  1545 | D:3      | Noticed a flying skull
  1556 | D:3      | HP: 1/40 [flying skull[the anger of Yredelemnul] (5)]
  1558 | D:3      | Slain by a flying skull

Skill      XL: |  1  2  3 |
---------------+----------+-----
Axes           | 3 4 |  4.1
Fighting       | 4 |  4.2
Armour         | |  3.7
Dodging        | |  0.2
Stealth        | |  0.1
Shields        | |  3.8

Action                   |  1- 3 |  4- 6 || total
-------------------------+-------+-------++-------
Melee: War axe           |    94 |    15 ||   109
Invok: Potion Petition   |     1 |       ||     1
  Use: Scroll            |     8 |     1 ||     9
       Potion            |     3 |     2 ||     5
  Eat: Meat ration       |     1 |       ||     1
Armor: Scale mail        |    37 |    14 ||    51
       Skin              |     4 |       ||     4
Dodge: Dodged            |    34 |    11 ||    45
Block: Shield            |    53 |    17 ||    70
